 Dungeon Crawl Stone Soup version 0.30-a0-373-gd37427bb62 (webtiles) character file.

Game seed: 11632040547639681309

3005 Shayle the Covered (level 9, -1/70 HPs)
             Began as a Demonspawn Reaver on Nov 24, 2022.
             Was a Follower of Ashenzari.
             Slain by a troll (3 damage)
             ... on level 9 of the Dungeon.
             The game lasted 00:19:25 (6996 turns).

Shayle the Covered (Demonspawn Reaver)              Turns: 6996, Time: 00:19:25

Health: -1/70      AC: 11    Str: 13    XL:     9   Next: 54%
Magic:  16/16      EV: 10    Int: 18    God:    Ashenzari [*.....]
Gold:   187        SH:  0    Dex: 12    Spells: 6/18 levels left

rFire   . . .      SeeInvis .    I - +4 broad axe (vorpal)
rCold   . . .      Faith    .    (no shield)
rNeg    . . .      Spirit   .    m - +0 ring mail
rPois   .          Reflect  .    v - +2 hat "Shackled Malaise" {Bglg, Self} (curse)
rElec   .          Harm     .    (no cloak)
rCorr   .          Rampage  .    (no gloves)
Will    .....                    t - +2 pair of boots of Supernal Knowledge {Alch, Comp} (curse)
Stlth   ++........               e - amulet of the acrobat
HPRegen 0.31/turn                (no ring)
MPRegen 0.15/turn                (no ring)

@: studying Stealth
A: horns 1, powered by death 2
a: Renounce Religion, Curse Item, Shatter the Chains


You were on level 9 of the Dungeon.
You worshipped Ashenzari.
Ashenzari was aware of your devotion.
You visited 2 branches of the dungeon, and saw 10 of its levels.

You collected 434 gold pieces.
You spent 247 gold pieces at shops.

Inventory:

Hand Weapons
 a - a +0 hand axe
 j - a +3 mace of protection
 s - a +1 scythe of freezing
 I - a +4 vorpal broad axe (weapon)
Armour
 b - a +0 leather armour
 m - a +0 ring mail (worn)
 t - the cursed +2 pair of boots of Supernal Knowledge (worn) {Alch, Comp}
   (You found it on level 3 of the Dungeon)

   It has a curse which improves the following skills: Alchemy: Poison Magic and
   Transmutations.
   Companions: Summonings and Necromancy.
 v - the cursed +2 hat "Shackled Malaise" (worn) {Bglg, Self}
   (You found it on level 3 of the Dungeon)

   It has a curse which improves the following skills: Beguiling: Conjurations,
   Hexes and Translocations.
   Introspection: Fighting and Spellcasting.
 C - a +0 ring mail of fire resistance
Jewellery
 c - an amulet of regeneration
 e - an amulet of the acrobat (around neck)
 u - an amulet of guardian spirit
 G - a ring of magical power
Wands
 k - a wand of light (1)
 r - a wand of charming (18)
 E - a wand of polymorph (13)
Scrolls
 f - 2 scrolls of vulnerability
 h - 2 scrolls of brand weapon
 y - 3 scrolls of fear
 D - a scroll of teleportation
 H - a scroll of silence
 J - 3 scrolls of blinking
Potions
 d - 4 potions of haste
 i - 2 potions of berserk rage
 l - 2 potions of mutation
 n - 3 potions of lignification
 o - 5 potions of cancellation
 p - 2 potions of magic
 q - 3 potions of attraction
 w - a potion of flight
 x - a potion of brilliance
 z - a potion of resistance
 A - a potion of ambrosia


   Skills:
 + Level 5.4(6.3) Fighting
 + Level 3.1 Axes
 + Level 6.4 Armour
 - Level 1.7 Dodging
 + Level 5.5 Stealth
 + Level 4.2(5.0) Spellcasting
 + Level 5.1(6.0) Conjurations
 + Level 3.0(3.8) Hexes
 + Level 2.6(3.4) Translocations
 - Level 3.1 Ice Magic


You had 6 spell levels left.
You knew the following spells:

 Your Spells              Type           Power      Damage    Failure   Level
a - Kiss of Death         Conj/Necr      60%        2d10      8%          1
b - Hailstorm             Conj/Ice       20%        3d6       12%         3
c - Frozen Ramparts       Ice            30%        1d5       22%         3
d - Freezing Cloud        Conj/Ice/Air   7%         6-21      90%         5

Your spell library contained the following spells:

 Spells                   Type           Power      Damage    Failure   Level
 Momentum Strike          Conj/Tloc      42%        3d9       5%          2
 Apportation              Tloc           32%        N/A       6%          1
 Freeze                   Ice            60%        1d7       7%          1
 Confusing Touch          Hex            18%        N/A       16%         3
 Ozocubu's Armour         Ice            15%        N/A       22%         3
 Beastly Appendage        Tmut           8%         N/A       24%         1
 Wereblood                Tmut           4%         N/A       36%         2
 Spider Form              Tmut/Pois      4%         N/A       58%         3
 Metabolic Englaciation   Hex/Ice        8%         N/A       86%         5
 Dispel Undead            Necr           4%         3d7       94%         4
 Alistair's Intoxication  Tmut/Pois      2%         N/A       100%        5
 Simulacrum               Ice/Necr       5%         N/A       100%        6
 Polar Vortex             Ice            7%         N/A       100%        9


Dungeon Overview and Level Annotations

Branches:
Dungeon (9/15)             Temple (1/1) D:4
   Lair: D:8-11         Orc: D:9-12

Altars:
Ashenzari
Cheibriados
Dithmenos
Gozag
Makhleb
Okawaru
Qazlal
Uskayaw
Vehumet
Xom

Shops:
D:8 ?

Annotations:
D:2 1 runed translucent door, Crazy Yiuf


Innate Abilities, Weirdness & Mutations

You have a pair of small horns on your head.
You regenerate health from kills.


Message History

You climb downwards.
There is a stone staircase leading up here.
Found 2 stones.
You see here 2 stones.
You open the door.
A troll comes into view.
The troll shouts!
You hear a bellow!
There is an open door here. 3 yaks and a hornet come into view.
The yak moves out of view.
The hornet buzzes angrily.
There is an open door here.
You see here 2 stones.
You closely miss the troll. The troll completely misses you.
The troll claws you. x2
You completely miss the troll. The troll barely misses you.
The troll claws you but does no damage. The troll claws you.
The troll bites you. The troll closely misses you.
The troll completely misses you.
You closely miss the troll. The troll bites you. The troll claws you!
The troll claws you.
The yak bellows!
You hit the troll. Your headbutt misses the troll.
The troll is lightly wounded.
The troll closely misses you. The troll claws you but does no damage.
The troll claws you! The troll bites you but does no damage.
The troll claws you but does no damage. The troll claws you!
You slash the troll! Your headbutt misses the troll.
The troll is moderately wounded.
The troll bites you!
* * * LOW HITPOINT WARNING * * *
The troll claws you but does no damage. The troll claws you.
* * * LOW HITPOINT WARNING * * *
Unknown command.
You feel better. The troll bites you!
* * * LOW HITPOINT WARNING * * *
The troll claws you.
* * * LOW HITPOINT WARNING * * *
The troll claws you.
You die...

+....y..Y..
#..........
#..........
#.Y........
##Y######## #Y#
#y# #T#
#@################
#................#
################.#
........#.#
..........#
#######.###
...........
#######<### ###


You could see 3 yaks, a troll and a hornet.

Vanquished Creatures
  A troll (D:8)
  A wraith (D:6)
  Sigmund (D:2)
  A wyvern (D:8)
  Eustachio (D:6)
  Menkaure (D:7)
  3 water moccasins
  A sky beast (D:6)
  2 ice beasts
  An orc warrior (D:8)
  A black bear (D:6)
  A phantom (D:6)
  2 bullfrogs
  4 necrophages
  3 wights (D:8)
  A scorpion (D:5)
  A hound (D:7)
  4 jellies
  An orc priest (D:8)
  7 iguanas
  4 orc wizards
  3 gnolls (D:3)
  5 adders
  2 shadow imps (D:6)
  An ufetubus (D:4)
  A dart slug (D:2)
  13 orcs
  8 ball pythons
  9 endoplasms
  5 giant cockroaches
  7 goblins
  6 hobgoblins
  2 jackals (D:3)
  4 kobolds
  2 quokkas
  4 bats
  5 rats
119 creatures vanquished.

Notes
Turn   | Place    | Note
-------+----------+-------------------------------------------
     0 | D:1      | Shayle the Demonspawn Reaver began the quest for the Orb.
     0 | D:1      | Reached XP level 1. HP: 16/16 MP: 3/3
   176 | D:1      | Reached skill level 1 in Armour
   176 | D:1      | Gained mutation: You regenerate a little health from kills.
                  | [demonic ancestry]
   176 | D:1      | Reached XP level 2. HP: 22/22 MP: 5/5
   371 | D:1      | Found a faded altar of an unknown god.
   669 | D:2      | Reached skill level 1 in Stealth
   807 | D:3      | Reached XP level 3. HP: 28/28 MP: 6/6
   979 | D:2      | Identified the +1 leather armour of Laecehy {*Slow Str-2
                  | Int+6 Dex+9}
  1028 | D:2      | Noticed Sigmund
  1038 | D:2      | Killed Sigmund
  1039 | D:2      | Reached skill level 3 in Armour
  1039 | D:2      | Reached XP level 4. HP: 15/35 MP: 7/7
  1039 | D:2      | Gained mutation: You have a pair of small horns on your
                  | head. [demonic ancestry]
  1039 | D:2      | Reached XP level 5. HP: 18/41 MP: 8/8
  1443 | D:2      | Found a runed translucent door.
  1444 | D:2      | Noticed Crazy Yiuf
  1851 | D:3      | Gained mutation: You regenerate health from kills. [demonic
                  | ancestry]
  1851 | D:3      | Reached XP level 6. HP: 27/47 MP: 9/9
  2017 | D:3      | Found a hide-covered altar of Uskayaw.
  2039 | D:3      | Noticed a +0 hand axe
  2039 | D:3      | Noticed a +0 hand axe
  2069 | D:3      | Learned a level 3 spell: Hailstorm
  2506 | D:4      | Reached skill level 4 in Armour
  2522 | D:4      | Noticed a water moccasin
  2535 | D:4      | Killed a water moccasin
  2544 | D:4      | HP: 2/48 [poisoned by a water moccasin]
  2812 | D:4      | Reached skill level 1 in Ice Magic
  2869 | D:4      | Found a staircase to the Ecumenical Temple.
  2877 | Temple   | Entered the Ecumenical Temple
  2934 | Temple   | Became a worshipper of Ashenzari the Shackled
  3133 | D:4      | Reached XP level 7. HP: 49/52 MP: 10/10
  3371 | D:5      | Entered Level 5 of the Dungeon
  4273 | D:6      | Reached skill level 5 in Armour
  4299 | D:6      | Reached XP level 8. HP: 52/61 MP: 12/12
  4517 | D:6      | Noticed Eustachio
  4537 | D:6      | Killed Eustachio
  4538 | D:6      | Reached skill level 1 in Hexes
  4601 | D:6      | Reached skill level 1 in Translocations
  5629 | D:7      | Reached skill level 5 in Fighting
  5725 | D:7      | Reached skill level 6 in Armour
  5725 | D:7      | Reached XP level 9. HP: 67/68 MP: 15/15
  5831 | D:7      | Noticed Menkaure
  5843 | D:7      | Killed Menkaure
  6058 | D:7      | Found a shadowy altar of Dithmenos.
  6250 | D:8      | Reached * piety under Ashenzari
  6267 | D:8      | Reached skill level 5 in Stealth
  6275 | D:8      | Found Edunuh's Magic Scroll Emporium.
  6280 | D:8      | Bought 2 scrolls of blinking for 195 gold pieces
  6280 | D:8      | Bought a scroll of fear for 52 gold pieces
  6281 | D:8      | Found a snail-covered altar of Cheibriados.
  6426 | D:8      | Found an opulent altar of Gozag.
  6639 | D:8      | Reached skill level 5 in Conjurations
  6746 | D:8      | Noticed a two-headed ogre
  6752 | D:8      | Learned a level 3 spell: Frozen Ramparts
  6758 | D:8      | Learned a level 5 spell: Freezing Cloud
  6768 | D:8      | Noticed a troll
  6788 | D:8      | Killed a troll
  6980 | D:9      | Noticed a troll
  6996 | D:9      | HP: 2/70 [troll (3)]
  6996 | D:9      | Slain by a troll

Illustrated notes

Levels and vault maps discovered:
D:1:      dpeg_arrival_more_subterranean_lakeside_camping, layout_rooms,
          dreamdust_ecumenical_altar_grove, amcnicky_mini_corridor_feature
D:2:      layout_loops_ring, uniq_crazy_yiuf_cottage, uniq_sigmund
D:3:      kennysheep_big_flooded_room, layout_basic, dancing_weapons_uskayaw
D:4:      layout_gridville, minmay_temple_entry_wispy, minmay_misc_feat_square
D:5:      layout_loops_cross, minmay_misc_feat_columns
D:6:      layout_basic, minmay_manual_moon, uniq_eustachio
D:7:      layout_loops_ring, grunt_dithmenos_smoke, uniq_menkaure
D:8:      layout_basic, nicolae_gozag_seed_capital,
          mainiacjoe_overflow_small_starburst, serial_shops,
          nicolae_square_shop, minmay_crystal_water
D:9:      layout_basic, tgw_kikubaaqudgha, orc_0_dummy, serial_shops,
          nicolae_shop_temple_entry_statues_fountains, minmay_three_doors
Temple:   minmay_crystal_spiral_temple

Skill      XL: |  1  2  3  4  5  6  7  8  9 |
---------------+----------------------------+-----
Armour         | 1 3 4 5 6 |  6.4
Stealth        | 1 2 3 4 5 |  5.5
Fighting       | 3 4 5 |  5.4
Ice Magic      | 1 2 3 |  3.1
Spellcasting   | 3 4 |  4.2
Conjurations   | 4 5 |  5.1
Hexes          | 2 3 |  3.0
Translocations | 1 2 |  2.6
Axes           | 3 |  3.1
Dodging        | |  1.7

Action                   |  1- 3 |  4- 6 |  7- 9 || total
-------------------------+-------+-------+-------++-------
Melee: Hand axe          |    39 |       |       ||    39
       Mace              |    49 |   159 |   263 ||   471
       Punch             |     2 |       |    10 ||    12
       Headbutt          |       |    16 |    61 ||    77
       Broad axe         |       |       |    33 ||    33
Invok: Curse Item        |       |       |     2 ||     2
Evoke: Wand              |     1 |       |    12 ||    13
  Use: Scroll            |       |    13 |    10 ||    23
       Potion            |       |     1 |     8 ||     9
 Stab: Sleeping          |     1 |     2 |     1 ||     4
       Invisible         |       |       |     7 ||     7
Armor: Leather armour    |    10 |       |       ||    10
       Ring mail         |    25 |    91 |   185 ||   301
Dodge: Dodged            |    82 |   109 |   188 ||   379

Table legend: (Time is in decaauts)
 A = Elapsed time spent in this place.
 B = Non-inter-level travel time spent in this place.
 C = Inter-level travel time spent in this place.
 D = Time resting spent in this place.
 E = Time spent auto-exploring this place.
 F = Levels seen in this place.
 G = Mean time per level.
                   A        B        C        D        E       F      G
               +--------+--------+--------+--------+--------+-----+--------+
         Total |   7203 |   6847 |    356 |    992 |   4121 |  10 |  720.3 |
       Dungeon |   7107 |   6789 |    318 |    992 |   4076 |   9 |  789.7 |
        Temple |     95 |     57 |     38 |      0 |     45 |   1 |   95.0 |
               +--------+--------+--------+--------+--------+-----+--------+

Top non-repeatable levels by time:
     D:6: 1433 daAuts
     D:4: 967 daAuts
     D:2: 923 daAuts
     D:3: 845 daAuts
     D:5: 843 daAuts
     D:8: 740 daAuts
     D:7: 694 daAuts
     D:1: 616 daAuts
  Temple: 95 daAuts
     D:9: 44 daAuts
